 Dungeon Crawl Stone Soup version 0.29.1-15-g9cfb28693d (webtiles) character file.

Game seed: 4085492052893592224

140 protoss039 the Digger (level 5, -3/38 HPs)
             Began as a Demonspawn Earth Elementalist on Mar 29, 2023.
             Slain by a scorpion (6 damage)
             ... on level 4 of the Dungeon.
             The game lasted 00:03:52 (3077 turns).

protoss039 the Digger (DsEE)                        Turns: 3077, Time: 00:03:53

Health: -3/38      AC:  3    Str:  9    XL:     5   Next: 2%
Magic:  0/9        EV: 15    Int: 24    God:
Gold:   125        SH:  0    Dex: 13    Spells: 3/9 levels left

rFire   . . .      SeeInvis .   t - +8 club
rCold   . . .      Faith    .   (no shield)
rNeg    . . .      Spirit   .   a - +0 robe
rPois   .          Reflect  .   (no helmet)
rElec   .          Harm     .   h - +0 cloak
rCorr   .          Rampage  .   (no gloves)
Will    .....                   (no boots)
Stlth   ++........              (no amulet)
HPRegen 0.12/turn               q - +6 ring of intelligence
MPRegen 0.11/turn               (no ring)

@: no status effects
A: repulsion field 2, ignite blood 1, demonic touch 1
a: no special abilities


You were on level 4 of the Dungeon.
You visited 1 branch of the dungeon, and saw 4 of its levels.

You collected 125 gold pieces.

Inventory:

Hand Weapons
 t - a +8 club (weapon)
Armour
 a - a +0 robe (worn)
 h - a +0 cloak (worn)
Magical Staves
 s - a staff of earth
Jewellery
 q - a +6 ring of intelligence (left hand)
Wands
 e - a wand of roots (4)
Scrolls
 f - 2 scrolls of teleportation
 i - a scroll of magic mapping {unknown}
 j - 3 scrolls of amnesia {unknown}
 k - a scroll of immolation {unknown}
 l - a scroll of identify {unknown}
 n - a scroll of vulnerability {unknown}
 r - a scroll of noise {unknown}
 u - a scroll of summoning {unknown}
Potions
 b - a potion of magic
 d - 2 potions of attraction {unknown}
 g - a potion of mutation {unknown}
 m - a potion of might {unknown}
 o - a potion of brilliance {unknown}
 p - a potion of cancellation {unknown}


   Skills:
 * Level 2.2 Fighting
 * Level 2.0 Armour
 - Level 1.7 Dodging
 - Level 1.7 Stealth
 + Level 2.7 Spellcasting
 + Level 1.0 Conjurations
 - Level 1.0 Transmutations
 + Level 3.3 Earth Magic


You had 3 spell levels left.
You knew the following spells:

 Your Spells              Type           Power      Damage    Failure   Level
a - Sandblast             Erth           38%        2d10      2%          1
b - Passwall              Tmut/Erth      10%        N/A       7%          2
c - Stone Arrow           Conj/Erth      26%        3d8       14%         3

Your spell library contained the following spells:

 Spells                   Type           Power      Damage    Failure   Level
 Magic Dart               Conj           32%        1d4       8%          1
 Searing Ray              Conj           16%        2d5       11%         2
 Dazzling Flash           Conj/Hex       10%        N/A       26%         3
 Petrify                  Tmut/Erth      13%        N/A       41%         4
 Fulminant Prism          Conj/Hex       2%         3d6       65%         4
 Iskenderun's Mystic Bla  Conj/Tloc      5%         2d3       65%         4
 Starburst                Conj/Fire      2%         6d3       100%        6


Dungeon Overview and Level Annotations

Branches:
Dungeon (4/15) Zot: 20888
 Temple: D:4-7

Altars:
Okawaru
Trog

Shops:
D:2 :

Annotations:
D:4 Pikel


Innate Abilities, Weirdness & Mutations

You are surrounded by a moderate repulsion field. (EV +3)
Your demonic aura sometimes causes spilled blood to erupt in flames.
Your touch may inflict minor irresistible damage on your foes.


Message History

Casting: Sandblast (safe; 2% risk of failure)
Confirm with . or Enter, or press ? or * to list all spells.
Aiming: Sandblast (safe; 2% risk of failure)
Press: ? - help, Shift-Dir - straight line, f/p - scorpion
Aim: a scorpion (82% to hit)
The blast of sand hits the scorpion!
The scorpion is moderately wounded.
The scorpion stings you.
* * * LOW HITPOINT WARNING * * *
You are lethally poisoned!
The scorpion poisons you!
You feel better. The scorpion misses you. The scorpion stings you!
* * * LOW HITPOINT WARNING * * *
Casting: Sandblast (safe; 2% risk of failure)
Confirm with . or Enter, or press ? or * to list all spells.
Aiming: Sandblast (safe; 2% risk of failure)
Press: ? - help, Shift-Dir - straight line, f/p - scorpion
Aim: a scorpion (moderately wounded, 82% to hit)
The blast of sand hits the scorpion but does no damage.
The scorpion is moderately wounded.
The scorpion closely misses you.
Unknown command.
Casting: Sandblast (safe; 2% risk of failure)
Confirm with . or Enter, or press ? or * to list all spells.
The spell is quite dangerous to miscast (14% risk of failure)!
Continue anyway?
Aiming: Stone Arrow (quite dangerous; 14% risk of failure)
Press: ? - help, Shift-Dir - straight line, f/p - scorpion
Aim: a scorpion (moderately wounded, 68% to hit)
The stone arrow misses the scorpion.
The scorpion misses you. The scorpion barely misses you.
Unknown command.
Casting: Stone Arrow (quite dangerous; 14% risk of failure)
Confirm with . or Enter, or press ? or * to list all spells.
Aiming: Sandblast (safe; 2% risk of failure)
Press: ? - help, Shift-Dir - straight line, f/p - scorpion
Aim: a scorpion (moderately wounded, 82% to hit)
The blast of sand hits the scorpion but does no damage.
The scorpion is moderately wounded.
The scorpion stings you.
You die...

....
:$.8
#####
©....
....
#..###
##....#
#...s@#
#.....#
#.....#
#.#####
#


You could see a scorpion.

Vanquished Creatures
  Jessica (D:3)
  An iguana (D:4)
  A gnoll (D:3)
  3 adders
  A worm (D:2)
  6 orcs
  2 ball pythons (D:3)
  4 endoplasms
  A giant cockroach (D:1)
  3 goblins
  A hobgoblin (D:4)
  A quokka (D:1)
  5 bats
  2 frilled lizards (D:2)
  5 kobolds
  8 rats
45 creatures vanquished.

Notes
Turn   | Place    | Note
-------+----------+-------------------------------------------
     0 | D:1      | protoss039 the Demonspawn Earth Elementalist began the
                  | quest for the Orb.
     0 | D:1      | Reached XP level 1. HP: 13/13 MP: 3/3
   583 | D:1      | Gained mutation: Your touch may inflict minor irresistible
                  | damage on your foes. [demonic ancestry]
   583 | D:1      | Reached XP level 2. HP: 19/20 MP: 5/5
  1150 | D:1      | Learned a level 2 spell: Passwall
  1209 | D:2      | Reached skill level 1 in Fighting
  1250 | D:2      | Found Tayx's Book Boutique.
  1416 | D:2      | Reached skill level 3 in Earth Magic
  1491 | D:2      | Reached skill level 1 in Transmutations
  1545 | D:2      | Gained mutation: Your demonic aura sometimes causes spilled
                  | blood to erupt in flames. [demonic ancestry]
  1545 | D:2      | Reached XP level 3. HP: 23/26 MP: 4/6
  1905 | D:2      | Learned a level 3 spell: Stone Arrow
  2000 | D:3      | Reached skill level 1 in Armour
  2075 | D:3      | Noticed Jessica
  2079 | D:3      | Killed Jessica
  2080 | D:3      | Gained mutation: You are surrounded by a mild repulsion
                  | field. (EV +2) [demonic ancestry]
  2080 | D:3      | Reached XP level 4. HP: 33/33 MP: 4/7
  2151 | D:3      | Found a bloodstained altar of Trog.
  2151 | D:3      | Found an iron altar of Okawaru.
  2766 | D:4      | Reached skill level 1 in Conjurations
  2766 | D:4      | Gained mutation: You are surrounded by a moderate repulsion
                  | field. (EV +3) [demonic ancestry]
  2766 | D:4      | Reached XP level 5. HP: 8/38 MP: 2/9
  3054 | D:4      | Noticed a lemure
  3055 | D:4      | Noticed a lemure
  3056 | D:4      | Noticed Pikel
  3056 | D:4      | Noticed a lemure
  3058 | D:4      | Noticed a lemure
  3077 | D:4      | Slain by a scorpion

Illustrated notes

Levels and vault maps discovered:
D:1:      dpeg_arrival_ratfight, layout_basic, nrook_uturn
D:2:      layout_basic, serial_shops, nicolae_shop_waterfront
D:3:      layout_basic, grunt_temple_overflow_bloody_war, uniq_jessica
D:4:      black_bear_nest_2, layout_rooms, gammafunk_ghost_arena, serial_shops,
          shop, nicolae_shop_waterfront, nicolae_shop_trees,
          nicolae_diamond_shop, nicolae_shop_trees, kennysheep_small_circle,
          uniq_pikel

Skill      XL: |  1  2  3  4 |
---------------+-------------+-----
Fighting       | 1 2 |  2.2
Earth Magic    | 3 |  3.3
Transmutations | 1 |  1.0
Armour         | 1 2 |  2.0
Conjurations   | 1 |  1.0
Dodging        | |  1.7
Stealth        | |  1.7
Spellcasting   | |  2.7

Action                   |  1- 3 |  4- 6 || total
-------------------------+-------+-------++-------
Melee: Dagger            |    15 |       ||    15
       Spear             |     7 |       ||     7
       Touch             |     1 |     1 ||     2
       Club              |       |     8 ||     8
 Cast: Sandblast         |    35 |    31 ||    66
       Stone Arrow       |       |     1 ||     1
  Use: Scroll            |       |     2 ||     2
       Potion            |       |     3 ||     3
 Stab: Sleeping          |     1 |       ||     1
Armor: Robe              |    12 |     5 ||    17
Dodge: Dodged            |    18 |    15 ||    33
